AoeStats
← albertogilborque1

Arabia

509899700Analyzed
1v1 RM · 3d ago on Sep 28, 2026· 49m 12s· 2 players
Game mode
Random Map
Map size
Tiny (2 player)
Population
200
Speed
Normal
Resources
Standard
Victory
Conquest
Starting age
Dark Age
Ending age
Imperial Age
RankedLock teamsTeams togetherTeam positionsShared explorationLock speedFull tech treeHidden civsTurbo modeCheats
Victory
Defeat
🇺🇸 Berbers · United States
983
+17
🇪🇸 Mongols · Spain
997
-17
Gi.An.T
1:19 Loom
4:35 Loom
11:04 Feudal Age
12:40 Double-Bit Axe
19:24 Castle Age
18:48 Stone Mining
18:42 Horse Collar
18:57 Fletching
20:15 Gold Mining
20:37 Bodkin Arrow
22:02 Wheelbarrow
24:20 Scale Barding Armor
25:52 Ballistics
25:47 Bow Saw
26:56 Chain Barding Armor
31:45 Padded Archer Armor
33:38 Bloodlines
33:29 Husbandry
32:50 Light Cavalry
36:08 Hand Cart
36:48 Forging
41:27 Imperial Age
39:20 Town Watch
42:33 Conscription
42:17 Maghrebi Camels
42:32 Bracer
44:27 Town Patrol
43:49 Elite Camel Archer
45:07 Leather Archer Armor
45:28 Plate Barding Armor
45:38 Capped Ram
49:16 Chemistry
albertogilborque1
9:36 Feudal Age
9:46 Loom
10:45 Double-Bit Axe
20:09 Castle Age
18:11 Horse Collar
19:45 Gold Mining
20:32 Bloodlines
20:16 Fletching
24:10 Padded Archer Armor
26:06 Bodkin Arrow
27:36 Scale Barding Armor
32:00 Forging
36:18 Husbandry
38:36 Ballistics
39:21 Chain Barding Armor
44:56 Imperial Age
45:52 Wheelbarrow
Connection lost

Rejoining the realm…

Still unreachable

The connection could not be restored.

Session expired

The server has moved on; the page needs a fresh start.